TOP OF THE 1ST |
Oakland Oaks batting - Pitching for Houston Colt .45's : LHP Manny Gonzales
|
Pitching: LHP Manny Gonzales
|
|
Batting: RHB Gabe Secundino
|
0-0: Ball 1-0: Ball 2-0: Ground out 4-3 (Groundball, 34, EV 105.6 MPH)
|
Batting: RHB Alberto Malagon
|
0-0: Ball 1-0: Foul Ball, location: 2F 1-1: Foul Ball, location: 2F 1-2: Foul Ball, location: 2F 1-2: Fly out, F9 (Flyball, 9, EV 90.6 MPH)
|
Batting: RHB Pete Goerge
|
0-0: Ball 1-0: Called Strike 1-1: Foul Ball, location: 2F 1-2: Ball 2-2: Ball 3-2: Fly out, F4 (Popup, 4D, EV 69.4 MPH)
|
Top of the 1st over - 0 runs, 0 hits, 0 errors, 0 left on base; Oakland 0 - Houston 0 |
BOTTOM OF THE 1ST |
Houston Colt .45's batting - Pitching for Oakland Oaks : RHP Paul Olson
|
Pitching: RHP Paul Olson
|
|
Batting: RHB Jarno van Lente
|
0-0: Foul Ball, location: 2F 0-1: Ball 1-1: Ball 2-1: Called Strike 2-2: Foul Ball, location: 2F 2-2: Strikes out swinging
|
Batting: RHB Kieron Clark
|
0-0: Foul Ball, location: 2F 0-1: Called Strike 0-2: Foul Ball, location: 2F 0-2: Ball 1-2: Ball 2-2: Foul Ball, location: 2F 2-2: SOLO HOME RUN (Flyball, 7D, EV 96.9 MPH), Distance : 368 ft
|
Batting: SHB Terciero Ortiz
|
0-0: Called Strike 0-1: Foul Ball, location: 2F 0-2: Ground out U3 (Groundball, 34S, EV 83.1 MPH)
|
Batting: LHB Lou Toth
|
0-0: Foul Ball, location: 2F 0-1: Swinging Strike 0-2: SINGLE (Groundball, 6MD, EV 95.6 MPH)
|
Batting: LHB Vecdi Hodensack
|
0-0: Fly out, F7 (Flyball, 7D, EV 98.8 MPH)
|
Bottom of the 1st over - 1 run, 2 hits, 0 errors, 1 left on base; Oakland 0 - Houston 1 |
TOP OF THE 2ND |
Oakland Oaks batting - Pitching for Houston Colt .45's : LHP Manny Gonzales
|
Pitching: RHP Kuaika Anakala
|
|
Batting: RHB Rafael Alarcon
|
0-0: Foul Ball, location: 2F 0-1: Ball 1-1: Swinging Strike 1-2: Ball 2-2: Strikes out swinging
|
Batting: RHB Chris Prinzing
|
0-0: Ball 1-0: Ground out 6-3 (Groundball, 6, EV 100.0 MPH)
|
Batting: RHB Ryan Jennings
|
0-0: Foul Ball, location: 2F 0-1: Ball 1-1: Ball 2-1: Fly out, F7 (Line Drive, 7, EV 93.8 MPH)
|
Top of the 2nd over - 0 runs, 0 hits, 0 errors, 0 left on base; Oakland 0 - Houston 1 |
BOTTOM OF THE 2ND |
Houston Colt .45's batting - Pitching for Oakland Oaks : RHP Paul Olson
|
Batting: RHB Jesus Diego
|
0-0: Foul Ball, location: 2F 0-1: Called Strike 0-2: Foul Ball, location: 2F 0-2: Strikes out swinging
|
Batting: RHB Patrick Pinault
|
0-0: Swinging Strike 0-1: Ball 1-1: Swinging Strike 1-2: Strikes out looking
|
Batting: LHB Bob Neale
|
0-0: Swinging Strike 0-1: Fly out, F9 (Flyball, 9D, EV 101.9 MPH)
|
Bottom of the 2nd over - 0 runs, 0 hits, 0 errors, 0 left on base; Oakland 0 - Houston 1 |
TOP OF THE 3RD |
Oakland Oaks batting - Pitching for Houston Colt .45's : RHP Kuaika Anakala
|
Batting: LHB Bill Helmer
|
0-0: Ball 1-0: Swinging Strike 1-1: Hit by Pitch
|
Batting: RHB Edwin Nunez
|
0-0: Called Strike Bill Helmer steals 2nd, throwing error, E2 Bill Helmer to third 0-1: Ball 1-1: Ground out 4-3 (Groundball, 4S, EV 77.5 MPH) Bill Helmer scores
|
Batting: RHB Dave Villarreal
|
0-0: Ground out 5-3 (Groundball, 56, EV 81.9 MPH)
|
Batting: RHB Gabe Secundino
|
0-0: Ball 1-0: Called Strike 1-1: Foul Ball, location: 2F 1-2: Ball 2-2: DOUBLE (Flyball, 78D, EV 106.2 MPH)
|
Batting: RHB Alberto Malagon
|
0-0: Ball 1-0: Ball 2-0: Ball 3-0: Called Strike 3-1: Foul Ball, location: 2F 3-2: Fly out, F5 (Line Drive, 5, EV 68.8 MPH)
|
Top of the 3rd over - 1 run, 1 hit, 1 error, 1 left on base; Oakland 1 - Houston 1 |
BOTTOM OF THE 3RD |
Houston Colt .45's batting - Pitching for Oakland Oaks : RHP Paul Olson
|
Batting: RHB Domingas Saragoa
|
0-0: Called Strike 0-1: Ball 1-1: Ground out 6-3 (Groundball, 6, EV 82.5 MPH)
|
Batting: RHB Jarno van Lente
|
0-0: Swinging Strike 0-1: Ball 1-1: Foul Ball, location: 2F 1-2: Foul Ball, location: 2F 1-2: Foul Ball, location: 2F 1-2: Ball 2-2: Ball 3-2: Ground out U3 (Groundball, 34S, EV 82.5 MPH)
|
Batting: RHB Kieron Clark
|
0-0: Ball 1-0: Called Strike 1-1: Foul Ball, location: 2F 1-2: Ball 2-2: DOUBLE (Groundball, 5L, EV 94.4 MPH)
|
Batting: SHB Terciero Ortiz
|
0-0: Ball 1-0: Ground out 6-3 (Groundball, 6M, EV 97.5 MPH)
|
Bottom of the 3rd over - 0 runs, 1 hit, 0 errors, 1 left on base; Oakland 1 - Houston 1 |
TOP OF THE 4TH |
Oakland Oaks batting - Pitching for Houston Colt .45's : RHP Kuaika Anakala
|
Batting: RHB Pete Goerge
|
0-0: Ball 1-0: Foul Ball, location: 2F 1-1: Fly out, F9 (Flyball, 9S, EV 86.2 MPH)
|
Batting: RHB Rafael Alarcon
|
0-0: Ball 1-0: Called Strike 1-1: Called Strike 1-2: Strikes out swinging
|
Batting: RHB Chris Prinzing
|
0-0: Called Strike 0-1: Foul Ball, location: 2F 0-2: Ball 1-2: Foul Ball, location: 2F 1-2: Strikes out looking
|
Top of the 4th over - 0 runs, 0 hits, 0 errors, 0 left on base; Oakland 1 - Houston 1 |
BOTTOM OF THE 4TH |
Houston Colt .45's batting - Pitching for Oakland Oaks : RHP Paul Olson
|
Batting: LHB Lou Toth
|
0-0: Ball 1-0: Called Strike 1-1: Called Strike 1-2: Ball 2-2: Foul Ball, location: 2F 2-2: Ball 3-2: SINGLE (Flyball, 3D, EV 91.9 MPH)
|
Batting: LHB Vecdi Hodensack
|
0-0: Grounds into double play, 4-6-3 (Groundball, 4, EV 83.8 MPH)
|
Batting: RHB Jesus Diego
|
0-0: Ball 1-0: Foul Ball, location: 2F 1-1: Reached via error on a dropped throw from 1B, E1 (Groundball, 34, EV 100.6 MPH)
|
Batting: RHB Patrick Pinault
|
0-0: Ball 1-0: Called Strike 1-1: Ball 2-1: Foul Ball, location: 2F 2-2: Strikes out swinging
|
Bottom of the 4th over - 0 runs, 1 hit, 1 error, 1 left on base; Oakland 1 - Houston 1 |
TOP OF THE 5TH |
Oakland Oaks batting - Pitching for Houston Colt .45's : RHP Kuaika Anakala
|
Batting: RHB Ryan Jennings
|
0-0: Ball 1-0: Foul Ball, location: 2F 1-1: Called Strike 1-2: Foul Ball, location: 2F 1-2: Foul Ball, location: 2F 1-2: Ball 2-2: Ball 3-2: Ground out 6-3 (Groundball, 6, EV 91.2 MPH)
|
Batting: LHB Bill Helmer
|
0-0: Ball 1-0: Ball 2-0: Called Strike 2-1: Ground out 4-3 (Groundball, 4, EV 86.9 MPH)
|
Pitching: RHP Vinny Salazar
|
|
Batting: RHB Edwin Nunez
|
0-0: Ball 1-0: Foul Ball, location: 2F 1-1: Ball 2-1: Foul Ball, location: 2F 2-2: Strikes out swinging
|
Top of the 5th over - 0 runs, 0 hits, 0 errors, 0 left on base; Oakland 1 - Houston 1 |
BOTTOM OF THE 5TH |
Houston Colt .45's batting - Pitching for Oakland Oaks : RHP Paul Olson
|
Batting: LHB Bob Neale
|
0-0: Ball 1-0: Fly out, F8 (Flyball, 8LD, EV 106.2 MPH)
|
Batting: RHB Domingas Saragoa
|
0-0: Ground out 4-3 (Groundball, 4, EV 103.8 MPH)
|
Batting: RHB Jarno van Lente
|
0-0: Ball 1-0: Ball 2-0: Foul Ball, location: 2F 2-1: SINGLE (Groundball, 6D, EV 109.4 MPH)
|
Batting: RHB Kieron Clark
|
0-0: Swinging Strike 0-1: Foul Ball, location: 2F 0-2: Foul Ball, location: 2F 0-2: Strikes out swinging
|
Bottom of the 5th over - 0 runs, 1 hit, 0 errors, 1 left on base; Oakland 1 - Houston 1 |
TOP OF THE 6TH |
Oakland Oaks batting - Pitching for Houston Colt .45's : RHP Vinny Salazar
|
Batting: RHB Dave Villarreal
|
0-0: Ball 1-0: Swinging Strike 1-1: Fly out, F8 (Line Drive, 8LM, EV 100.6 MPH)
|
Batting: RHB Gabe Secundino
|
0-0: Called Strike 0-1: Fly out, F7 (Flyball, 7LM, EV 89.4 MPH)
|
Batting: RHB Alberto Malagon
|
0-0: Ball 1-0: Foul Ball, location: 2F 1-1: Foul Ball, location: 2F 1-2: Foul Ball, location: 2F 1-2: Strikes out swinging
|
Top of the 6th over - 0 runs, 0 hits, 0 errors, 0 left on base; Oakland 1 - Houston 1 |
BOTTOM OF THE 6TH |
Houston Colt .45's batting - Pitching for Oakland Oaks : RHP Paul Olson
|
Pitching: RHP Bill McAskill
|
|
Batting: SHB Terciero Ortiz
|
0-0: Called Strike 0-1: Ball 1-1: Ball 2-1: Fly out, F8 (Line Drive, 8LD, EV 88.1 MPH)
|
Batting: LHB Lou Toth
|
0-0: Ball 1-0: Called Strike 1-1: Called Strike 1-2: Strikes out swinging
|
Batting: LHB Vecdi Hodensack
|
0-0: Ground out 6-3 (Groundball, 6M, EV 98.1 MPH)
|
Bottom of the 6th over - 0 runs, 0 hits, 0 errors, 0 left on base; Oakland 1 - Houston 1 |
TOP OF THE 7TH |
Oakland Oaks batting - Pitching for Houston Colt .45's : RHP Vinny Salazar
|
Batting: RHB Pete Goerge
|
0-0: Ball 1-0: Called Strike 1-1: Ball 2-1: Foul Ball, location: 2F 2-2: Strikes out swinging
|
Batting: RHB Rafael Alarcon
|
0-0: Fly out, F2 (Popup, 2RF, EV 93.8 MPH)
|
Batting: RHB Chris Prinzing
|
0-0: Called Strike 0-1: Swinging Strike 0-2: Fly out, F8 (Flyball, 8LD, EV 98.8 MPH)
|
Top of the 7th over - 0 runs, 0 hits, 0 errors, 0 left on base; Oakland 1 - Houston 1 |
BOTTOM OF THE 7TH |
Houston Colt .45's batting - Pitching for Oakland Oaks : RHP Bill McAskill
|
Batting: RHB Jesus Diego
|
0-0: Foul Ball, location: 2F 0-1: Foul Ball, location: 2F 0-2: Strikes out swinging
|
Batting: RHB Patrick Pinault
|
0-0: SOLO HOME RUN (Flyball, 78XD, EV 109.4 MPH), Distance : 413 ft
|
Batting: LHB Bob Neale
|
0-0: Foul Ball, location: 2F 0-1: Called Strike 0-2: Ball 1-2: Strikes out swinging
|
Batting: RHB Domingas Saragoa
|
0-0: Foul Ball, location: 2F 0-1: Foul Ball, location: 2F 0-2: Ball 1-2: Strikes out swinging
|
Bottom of the 7th over - 1 run, 1 hit, 0 errors, 0 left on base; Oakland 1 - Houston 2 |
TOP OF THE 8TH |
Oakland Oaks batting - Pitching for Houston Colt .45's : RHP Vinny Salazar
|
Batting: RHB Ryan Jennings
|
0-0: Ball 1-0: Ball 2-0: Ball 3-0: Base on Balls
|
Pitching: LHP Rod Somerville
|
|
Batting: LHB Bill Helmer
|
0-0: Sac Bunt to P - play at first, batter OUT! 1-4 Ryan Jennings to second
|
Batting: RHB Edwin Nunez
|
0-0: Called Strike 0-1: Ball 1-1: Ground out 5-3 (Groundball, 56, EV 91.2 MPH)
|
Batting: RHB Dave Villarreal
|
0-0: Ball 1-0: Swinging Strike 1-1: Ball 2-1: Swinging Strike 2-2: Strikes out swinging
|
Top of the 8th over - 0 runs, 0 hits, 0 errors, 1 left on base; Oakland 1 - Houston 2 |
BOTTOM OF THE 8TH |
Houston Colt .45's batting - Pitching for Oakland Oaks : RHP Bill McAskill
|
Batting: RHB Jarno van Lente
|
0-0: Called Strike 0-1: Ball 1-1: Ball 2-1: Ball 3-1: Base on Balls
|
Batting: RHB Kieron Clark
|
0-0: Ball 1-0: Bunted foul 1-1: Bunted foul 1-2: SINGLE (Groundball, 6MD, EV 101.2 MPH) Jarno van Lente to second
|
Batting: SHB Terciero Ortiz
|
0-0: Ball 1-0: Called Strike 1-1: 3-RUN HOME RUN (Flyball, 89XD, EV 109.4 MPH), Distance : 411 ft
|
Pitching: RHP Andy Teague
|
|
Batting: LHB Lou Toth
|
0-0: Ball 1-0: Ball 2-0: Foul Ball, location: 2F 2-1: Foul Ball, location: 2F 2-2: Foul Ball, location: 2F 2-2: Foul Ball, location: 2F 2-2: Ball 3-2: Ground out 4-3 (Groundball, 4, EV 81.9 MPH)
|
Batting: LHB Vecdi Hodensack
|
0-0: Called Strike 0-1: Called Strike 0-2: Ball 1-2: Fly out, F4 (Popup, 4D, EV 56.2 MPH)
|
Batting: RHB Jesus Diego
|
0-0: Ground out U3 (Groundball, 34S, EV 86.9 MPH)
|
Bottom of the 8th over - 3 runs, 2 hits, 0 errors, 0 left on base; Oakland 1 - Houston 5 |
TOP OF THE 9TH |
Oakland Oaks batting - Pitching for Houston Colt .45's : LHP Rod Somerville
|
Pitching: LHP Joey Callanta
|
|
Batting: RHB Gabe Secundino
|
0-0: Ball 1-0: Foul Ball, location: 2F 1-1: Ground out 5-3 (Groundball, 56S, EV 89.4 MPH)
|
Batting: RHB Alberto Malagon
|
0-0: Ball 1-0: Ball 2-0: Ball 3-0: Called Strike 3-1: Foul Ball, location: 2F 3-2: Foul Ball, location: 2F 3-2: Fly out, F8 (Flyball, 89M, EV 98.1 MPH)
|
Batting: RHB Pete Goerge
|
0-0: Foul Ball, location: 2F 0-1: Swinging Strike 0-2: Ball 1-2: Ball 2-2: Ball 3-2: Foul Ball, location: 2F 3-2: Foul Ball, location: 2F 3-2: Foul Ball, location: 2F 3-2: Strikes out looking
|
Top of the 9th over - 0 runs, 0 hits, 0 errors, 0 left on base; Oakland 1 - Houston 5 |
|